 Dungeon Sprint DCSS version 0.17-a0-1533-g2f57bce (webtiles) character file.

462568 ztt the Axe Maniac (level 18, 180/180 HPs)
             Began as a Minotaur Fighter on July 16, 2015.
             Was the Champion of Makhleb.
             Escaped with the Orb!
             The game lasted 00:22:19 (2494 turns).

ztt the Axe Maniac (Minotaur Fighter)               Turns: 2494, Time: 00:22:19

Health: 180/180    AC: 43    Str: 40    XL:     18   Next: 50%
Magic:  29/29      EV: 28    Int: 13    God:    Makhleb [******]
Gold:   0          SH: 40    Dex: 23    Spells: 0 memorised, 17 levels left

rFire  + . .     SeeInvis +     K - +14 obsidian axe {chop, +Fly Str+3 SInv *Curse} (curse)
rCold  + + .     Clarity  +     L - +15 Maxwell's patent armour {-Cast -Tele rElec MR+ rCorr}
rNeg   + . .     SustAt   .     M - +18 shield of the gong {rElec rN+ MR+ EV-5}
rPois  .         Gourm    .     (helmet unavailable)
rElec  +         Spirit   .     Z - +0 cloak of Inference {Dex+7}
rCorr  +         Warding  .     D - +0 pair of gloves {Dex+3}
rMut   .         NoTele   +     A - +0 pair of boots {Fly}
MR     +++..     NoCast   +     b - amulet "Kode" {Clar rC+ Str+5}
Stlth  +.........               N - ring of Uwia {rC+ Int+3 Slay+6}
                                Q - ring "Angutymm" {*Contam rF+ Str+6 Int+5}

@: flying, studying 3 skills, extremely resistant to hostile enchantments, very
unstealthy
A: retaliatory headbutt, horns 3, frail 1, low mp 1, slow healing 1
a: Minor Destruction, Lesser Servant of Makhleb, Major Destruction, Greater
Servant of Makhleb, Renounce Religion, Stop Flying
0: Orb of Zot


You escaped.
You worshipped Makhleb.
Makhleb was exalted by your worship.
You were not hungry.

You visited 1 branch

Inventory:

Hand weapons
 J - a +5 executioner's axe of flaming
 K - the cursed +14 obsidian axe (weapon) {chop, +Fly Str+3 SInv *Curse}
   (You found it in the Dungeon)

   It inflicts extra damage upon your enemies.
   It affects your strength (+3).
   It lets you see invisible.
   It lets you fly.
   It may re-curse itself when equipped.
   It has a curse placed upon it.
 X - the +8 mithril axe "Arga" {speed, MR+ Str+2}
   (You found it in the Dungeon)

   Attacks with this weapon are significantly faster.
   It affects your strength (+2).
   It affects your resistance to hostile enchantments.
Armour
 A - a +0 pair of boots of flying (worn)
 D - a +0 pair of gloves of dexterity (worn)
 L - the +15 Maxwell's patent armour (worn) {-Cast -Tele rElec MR+ rCorr}
   (You found it in the Dungeon)

   It insulates you from electricity.
   It affects your resistance to hostile enchantments.
   It prevents spellcasting.
   It prevents most forms of teleportation.
   It protects you from acid and corrosion.
 M - the +18 shield of the gong (worn) {rElec rN+ MR+ EV-5}
   (You found it in the Dungeon)

   It affects your evasion (-5).
   It insulates you from electricity.
   It protects you from negative energy.
   It affects your resistance to hostile enchantments.
 Z - the +0 cloak of Inference (worn) {Dex+7}
   (You found it in the Dungeon)

   It affects your dexterity (+7).
Jewellery
 a - a +3 ring of dexterity
 b - the amulet "Kode" (around neck) {Clar rC+ Str+5}
   (You found it in the Dungeon)

   [amulet of clarity]

   It provides mental clarity.
   It affects your strength (+5).
   It protects you from cold.
 c - the amulet of Cekugob {Ward -Tele rElec rPois rN++ AC+1 EV+1}
   (You found it in the Dungeon)

   [amulet of warding]

   It may prevent the melee attacks of summoned creatures.
   It affects your AC (+1).
   It affects your evasion (+1).
   It insulates you from electricity.
   It protects you from poison.
   It greatly protects you from negative energy.
   It prevents most forms of teleportation.
 y - the ring "Wukkoss" {rF++ rC+ Int+6}
   (You found it in the Dungeon)

   [ring of intelligence]

   It affects your intelligence (+6).
   It greatly protects you from fire.
   It protects you from cold.
 B - the ring "Qiowymn" {rElec Str+2 Int+2 Stlth+}
   (You found it in the Dungeon)

   [ring of strength]

   It affects your strength (+2).
   It affects your intelligence (+2).
   It insulates you from electricity.
   It makes you more stealthy.
 E - the ring of Ipeextux {Fire rPois rN+}
   (You found it in the Dungeon)

   [ring of fire]

   It enhances your fire magic, and weakens your ice magic.
   It protects you from fire.
   It makes you vulnerable to cold.
   It protects you from poison.
   It protects you from negative energy.
 N - the ring of Uwia (right hand) {rC+ Int+3 Slay+6}
   (You took it off a vampire in the Dungeon)

   [ring of protection from cold]

   It affects your intelligence (+3).
   It affects your accuracy and damage with ranged weapons and melee attacks
   (+6).
   It protects you from cold.
 O - the ring of Ruyno {Str+3 Slay+2}
   (You found it in the Dungeon)

   [ring of strength]

   It affects your strength (+3).
   It affects your accuracy and damage with ranged weapons and melee attacks
   (+2).
 Q - the ring "Angutymm" (left hand) {*Contam rF+ Str+6 Int+5}
   (You found it in the Dungeon)

   [ring of protection from fire]

   It affects your strength (+6).
   It affects your intelligence (+5).
   It protects you from fire.
   It causes magical contamination when unequipped.
 R - the ring of the Amoeba {MP+9 SInv Stlth+}
   (You found it in the Dungeon)

   [ring of stealth]

   It affects your magic capacity (+9).
   It lets you see invisible.
   It makes you more stealthy.
 S - the ring of Activism {Wiz Str+6 Stlth-}
   (You found it in the Dungeon)

   [ring of wizardry]

   It improves your spell success rate.
   It affects your strength (+6).
   It makes you less stealthy.
 T - the ring of Wash {*Confuse rElec rC+ Int+3 Dex-3}
   (You found it in the Dungeon)

   [ring of protection from cold]

   It affects your intelligence (+3).
   It affects your dexterity (-3).
   It protects you from cold.
   It insulates you from electricity.
   It may confuse you when you take damage.
 U - the ring of Levity {rPois rN+ MP-9 Str+2 Slay+4}
   (You found it in the Dungeon)

   [ring of positive energy]

   It affects your strength (+2).
   It affects your accuracy and damage with ranged weapons and melee attacks
   (+4).
   It protects you from poison.
   It protects you from negative energy.
   It affects your magic capacity (-9).
 W - the ring of Fotoc {Int+3 Dex+3}
   (You found it in the Dungeon)

   [ring of dexterity]

   It affects your intelligence (+3).
   It affects your dexterity (+3).
 Y - the ring of Ylujommu {*Corrode rPois rC+ Str+7 Slay+3}
   (You found it in the Dungeon)

   [ring of slaying]

   It affects your strength (+7).
   It affects your accuracy and damage with ranged weapons and melee attacks
   (+3).
   It protects you from cold.
   It protects you from poison.
   It may corrode your equipment when you take damage.
Magical devices
 F - a wand of disintegration (7)
 G - a wand of fire (5)
 H - a wand of cold (5)
 I - a wand of draining (5)
Scrolls
 k - 4 scrolls of blinking
 o - 7 scrolls of enchant armour
 q - 4 scrolls of amnesia
 r - 3 scrolls of recharging
 s - 8 scrolls of fog
 t - a scroll of holy word
 u - 5 scrolls of identify
 v - 5 scrolls of remove curse
 w - 2 scrolls of fear
Potions
 d - 7 potions of might
 f - 10 potions of curing
 g - 11 potions of heal wounds
 h - 4 potions of haste
 i - 7 potions of magic
 j - 3 potions of berserk rage
 l - 2 potions of brilliance
 m - 2 potions of invisibility
 n - 4 potions of resistance
 p - 5 potions of agility
Books
 C - a manual of Ice Magic
 P - a manual of Staves
 V - a manual of Short Blades
Comestibles
 e - 5 bread rations
 x - 42 fruits
 z - 2 meat rations


   Skills:
 O Level 27 Fighting
 O Level 27 Axes
 O Level 27 Armour
 O Level 27 Dodging
 + Level 16.9 Stealth
 O Level 27 Shields
 + Level 24.2 Invocations


You had 17 spell levels left.
You didn't know any spells.

Dungeon Overview and Level Annotations

Branches:
Dungeon (1/1)

Altars:
Ashenzari
Cheibriados
Dithmenos
Elyvilon
Fedhas
Gozag
Kikubaaqudgha
Makhleb
Nemelex Xobeh
Okawaru
Qazlal
Ru
Sif Muna
Trog
Vehumet
Xom
Yredelemnul
Zin
The Shining One
Beogh
Jiyva
Lugonu


Innate Abilities, Weirdness & Mutations

You reflexively headbutt those who attack you in melee.
You have a pair of large horns on your head.
You are frail (-10% HP).
Your magical capacity is low (-10% MP).
You heal slowly when monsters are visible.


Message History

Your iron imp disappears in a puff of smoke!
You feel sick. x2
You are no longer poisoned.
You swap places.
An exit appears before you!
Your surroundings seem different!
Found the Orb of Zot.
Found a staircase leading out of the dungeon.
You see here the Orb of Zot.
You pick up the Orb of Zot!
The Orb lets out a hideous shriek!
The lords of Pandemonium are not amused.
Beware!
Now all you have to do is get back out of the dungeon!
There is a staircase leading out of the dungeon here.
You start resting.
Your magical contamination has completely faded away.
You start resting.
Magic restored.
Eat which item? (? for menu, Esc to quit)
You continue eating. x2
You finish eating.
That meat ration really hit the spot!
You have escaped!

≈...≈.≈≈≈≈.≈▓.............▓...8©8
.....)(≈.≈≈≈▓..▓.......▓..▓..:|[.
≈≈..≈((≈≈≈≈.▓.............▓..[..[
..≈≈))))).≈.▓.............▓......
≈≈.†(†)(.≈..▓.............▓......
.≈.≈(≈≈(≈≈≈≈▓▓▓▓▓▓▓▓▓▓▓▓▓▓▓..†)).
▓.≈≈()(≈▓...▓8888888888888▓..)†[.
▓▓≈≈≈≈.▓▓▓..▓8...........8▓..▓)†.
▓..≈≈...▓..(▓8..@........8▓......
...≈≈.≈.≈..≈▓8...........8▓......
≈≈≈...≈≈..≈.▓8888888888888▓▓▓▓▓▓▓
▓▓▓▓▓▓▓▓▓▓▓▓▓▓▓▓▓▓▓▓▓▓▓▓▓▓▓▓▓▓▓▓▓
.....8©8........▓........8©8.....
.)|}:}[...||[|..▓..}/|.)|)}[).[:)
)}..=[43))|:||[.▓.)....)[)["::).:
[}})))=|[}}})}}.▓..})=[[[})|[|))}
................▓.......:|\:[....


There were no monsters in sight!

Vanquished Creatures
  2 ancient liches (D)
  An orb of fire (D)
  3 shard shrikes (D)
  2 liches (D)
  2 Ice Fiends (D)
  3 tentacled monstrosities (D)
  6 deep elf blademasters (D)
  3 deep elf master archers (D)
  9 Orb Guardians (D)
  A tentacled starspawn (D)
  A thorn hunter (D)
  4 shadow dragons (D)
  A greater naga (D)
  2 storm dragons (D)
  2 orc warlords (D)
  6 deep elf sorcerers (D)
  A draconian shifter (D)
  3 ghouls (D)
  A spriggan defender (D)
  2 reapers (D)
  4 stone giants (D)
  3 very ugly things (D)
  An apis (D)
  A black draconian (D)
  3 green draconians (D)
  2 vampire knights (D)
  3 deep elf annihilators (D)
  A lorocyproca (D)
  5 mottled draconians (D)
  A white draconian (D)
  4 red draconians (D)
  4 purple draconians (D)
  A yellow draconian (D)
  3 merfolk javelineers (D)
  A great orb of eyes (D)
  A fire dragon (D)
  3 deep elf high priests (D)
  7 merfolk impalers (D)
  A great orb of eyes (shapeshifter) (D)
  3 death cobs (D)
  3 naga warriors (D)
  3 merfolk aquamancers (D)
  A spriggan air mage (D)
  An anaconda (shapeshifter) (D)
  2 anacondas (D)
  A ghost crab (shapeshifter) (D)
  A thrashing horror (D)
  2 vampire magi (D)
  5 soul eaters (D)
  4 orc high priests (D)
  A fire crab (shapeshifter) (D)
  3 wretched stars (D)
  4 deep elf knights (D)
  2 ice devils (D)
  9 skeletal warriors (D)
  3 sea snakes (D)
  A harpy (D)
  6 deep elf summoners (D)
  8 large abominations (D)
  A shambling mangrove (D)
  A swamp dragon (shapeshifter) (D)
  An anubis guard (D)
  A phantasmal warrior (D)
  3 orc knights (D)
  A harpy (shapeshifter) (D)
  3 deep elf conjurers (D)
  3 ugly things (D)
  An unseen horror (D)
  2 cyclopes (D)
  8 necromancers (D)
  A hornet (D)
  A wolf spider (shapeshifter) (D)
  A griffon (D)
  A manticore (D)
  5 toenail golems (D)
  A shining eye (D)
  2 water nymphs (D)
  4 guardian serpents (D)
  3 black mambas (D)
  A siren (D)
  An orange demon (D)
  3 moths of wrath (D)
  7 rust devils (D)
  5 naga magi (D)
  A smoke demon (D)
  A hellion (D)
  A spiny frog (shapeshifter) (D)
  4 tormentors (D)
  A dryad (D)
  A deep elf priest (D)
  A demonic crawler (D)
  A guardian mummy (D)
  A merfolk (shapeshifter) (D)
  A fire drake (D)
  2 red devils (D)
  10 freezing wraiths (D)
  A two-headed ogre (shapeshifter) (D)
  2 wind drakes (D)
  2 blue devils (D)
  A blink frog (D)
  2 trolls (D)
  A raiju (D)
  3 jumping spiders (D)
  2 snapping turtles (D)
  15 starcursed masses (D)
  5 flying skulls (D)
  5 vampires (D)
  A spriggan (D)
  A ynoxinul (D)
  3 wyverns (D)
  3 shadows (D)
  2 wraiths (D)
  A water elemental (D)
  10 deep elf magi (D)
  A yak (D)
  2 steam dragons (D)
  3 chaos spawn (D)
  7 deep elf fighters (D)
  2 neqoxecs (D)
  A hell hound (D)
  2 water moccasins (D)
  2 nagas (D)
  A warg (D)
  An eye of draining (D)
  2 mottled dragons (D)
  A necrophage (D)
  An ogre (D)
  3 orc warriors (D)
  A centaur (D)
  A brain worm (D)
  4 scorpions (D)
  6 wights (D)
  2 crimson imps (D)
  3 quasits (D)
  An iron imp (D)
  6 mummies (D)
  8 small abominations (D)
  3 adders (D)
  A shadow imp (D)
  6 white imps (D)
  An ufetubus (D)
  8 adder zombies (D)
  4 adder skeletons (D)
  13 orcs (D)
  A spectral bat (D)
  4 bat skeletons (D)
  11 bat zombies (D)
  4 ball pythons (D)
  3 ball python zombies (D)
  4 giant cockroach zombies (D)
  2 giant gecko skeletons (D)
  8 giant gecko zombies (D)
  A goblin (D)
  A jackal skeleton (D)
  4 jackal zombies (D)
  A quokka zombie (D)
  A spectral giant gecko (D)
  A butterfly (D)
  A crawling corpse (D)
  A lurking horror (D)
  A starspawn tentacle (D)
459 creatures vanquished.

Vanquished Creatures (collateral kills)
  An ancient lich (D)
  2 Ice Fiends (D)
  2 reapers (D)
  A dire elephant (D)
  A blizzard demon (D)
  A rakshasa (D)
  2 ice dragons (D)
  An orc high priest (D)
  A soul eater (D)
  A skeletal warrior (D)
  3 small abominations (D)
  2 wretched stars (D)
  An ice devil (D)
  A worldbinder (D)
  2 rust devils (D)
  A moth of wrath (D)
  2 orange demons (D)
  A tormentor (D)
  A freezing wraith (D)
  4 large abominations (D)
  2 blue devils (D)
  A blink frog (D)
  2 flying skulls (D)
  A starcursed mass (D)
  3 deep elf magi (D)
  2 wraiths (D)
  A neqoxec (D)
  A golden eye (D)
  A naga (D)
  An orc warrior (D)
  A wasp (D)
  An ice beast (D)
  A wight (D)
  2 mummies (D)
  4 white imps (D)
  An ufetubus (D)
  3 adder skeletons (D)
  2 adder zombies (D)
  3 orcs (D)
  2 bat skeletons (D)
  2 ball python zombies (D)
  A giant cockroach zombie (D)
  2 giant gecko skeletons (D)
  A jackal zombie (D)
  A briar patch (D)
  A crawling corpse (D)
74 creatures vanquished.

Vanquished Creatures (others)
  3 Orb Guardians (D)
  A deep elf sorcerer (D)
  2 black draconians (D)
  A red draconian (D)
  A deep elf high priest (D)
  A necromancer (D)
  3 adder skeletons (D)
  An adder zombie (D)
  2 giant cockroach zombies (D)
  A quokka skeleton (D)
  4 starspawn tentacles (D)
  23 starspawn tentacle segments (D)
43 creatures vanquished.

Grand Total: 576 creatures vanquished

Notes
Turn   | Place    | Note
--------------------------------------------------------------
     0 | D        | ztt the Minotaur Fighter began the quest for the Orb.
     0 | D        | Reached XP level 1. HP: 19/19 MP: 0/0
     4 | D        | Found a roughly hewn altar of Beogh.
     4 | D        | Found a viscous altar of Jiyva.
     4 | D        | Found a corrupted altar of Lugonu.
     4 | D        | Found a white marble altar of Elyvilon.
     4 | D        | Found a sparkling altar of Nemelex Xobeh.
     5 | D        | Found a burning altar of Makhleb.
     5 | D        | Found an iron altar of Okawaru.
     5 | D        | Found a deep blue altar of Sif Muna.
     5 | D        | Found a radiant altar of Vehumet.
     5 | D        | Found a bloodstained altar of Trog.
     5 | D        | Found a shimmering altar of Xom.
    38 | D        | Became a worshipper of Makhleb the Destroyer
    40 | D        | Reached skill level 7 in Fighting
    40 | D        | Reached XP level 2. HP: 24/34 MP: 1/1
   135 | D        | Entered arena 1.
   143 | D        | Entered arena 2.
   143 | D        | Noticed a jumping spider
   143 | D        | Noticed a scorpion
   143 | D        | Noticed a scorpion
   147 | D        | Killed a scorpion
   147 | D        | Acquired Makhleb's first power
   147 | D        | Reached skill level 8 in Fighting
   147 | D        | Reached skill level 5 in Armour
   147 | D        | Reached skill level 5 in Shields
   147 | D        | Reached XP level 3. HP: 38/41 MP: 2/2
   147 | D        | Reached XP level 4. HP: 45/49 MP: 3/3
   147 | D        | Killed a scorpion
   147 | D        | Reached skill level 9 in Fighting
   148 | D        | Killed a jumping spider
   148 | D        | Acquired Makhleb's second power
   148 | D        | Reached skill level 10 in Fighting
   148 | D        | Reached XP level 5. HP: 56/58 MP: 4/4
   148 | D        | Reached XP level 6. HP: 63/66 MP: 5/5
   152 | D        | Entered arena 3.
   152 | D        | Noticed a scorpion
   152 | D        | Noticed a jumping spider
   152 | D        | Noticed a scorpion
   152 | D        | Noticed a jumping spider
   153 | D        | Killed a jumping spider
   153 | D        | Reached skill level 11 in Fighting
   153 | D        | Reached skill level 10 in Shields
   156 | D        | Killed a jumping spider
   156 | D        | Reached XP level 7. HP: 72/75 MP: 6/6
   156 | D        | Killed a scorpion
   156 | D        | Acquired Makhleb's third power
   156 | D        | Reached skill level 12 in Fighting
   156 | D        | Reached skill level 10 in Armour
   157 | D        | Killed a scorpion
   166 | D        | Got the ring "Faecuj" {Wiz rElec Int+5 Dex-2}
   168 | D        | Entered arena 4.
   168 | D        | Noticed a deep elf summoner
   168 | D        | Noticed a deep elf summoner
   168 | D        | Noticed a deep elf mage
   168 | D        | Noticed a deep elf mage
   170 | D        | Killed a deep elf mage
   173 | D        | Noticed a demonic crawler
   173 | D        | Noticed a demonic crawler
   173 | D        | Noticed a hellwing
   176 | D        | Killed a deep elf mage
   176 | D        | Acquired Makhleb's fourth power
   176 | D        | Reached XP level 8. HP: 57/85 MP: 7/7
   177 | D        | Noticed a demonic crawler
   179 | D        | Noticed a jumping spider
   182 | D        | Killed a demonic crawler
   183 | D        | Killed a deep elf summoner
   183 | D        | Reached skill level 13 in Fighting
   183 | D        | Reached skill level 10 in Axes
   183 | D        | Reached skill level 1 in Dodging
   183 | D        | Killed a deep elf summoner
   183 | D        | Reached XP level 9. HP: 50/93 MP: 8/8
   183 | D        | Killed a hellwing
   183 | D        | Killed a demonic crawler
   188 | D        | Got the ring "Qelee" {+Blink EV+4 Int+4 Dex+2 SInv}
   353 | D        | Entered arena 5.
   353 | D        | Noticed a toenail golem
   353 | D        | Noticed a toenail golem
   353 | D        | Noticed a toenail golem
   353 | D        | Noticed a toenail golem
   353 | D        | Noticed a toenail golem
   359 | D        | Killed a toenail golem
   359 | D        | Killed a toenail golem
   359 | D        | Reached skill level 14 in Shields
   361 | D        | Killed a toenail golem
   363 | D        | Killed a toenail golem
   363 | D        | Killed a toenail golem
   363 | D        | Reached skill level 15 in Shields
   383 | D        | Entered arena 6.
   383 | D        | Noticed a crimson imp
   383 | D        | Noticed a rust devil
   383 | D        | Noticed a crimson imp
   383 | D        | Noticed a quasit
   383 | D        | Noticed a quasit
   386 | D        | Killed a quasit
   387 | D        | Acquired Makhleb's fifth power
   388 | D        | Killed a crimson imp
   390 | D        | Killed a quasit
   391 | D        | Killed a crimson imp
   392 | D        | Killed a rust devil
   392 | D        | Reached XP level 10. HP: 104/104 MP: 9/9
   403 | D        | Entered arena 7.
   403 | D        | Noticed a flying skull
   403 | D        | Noticed an anubis guard
   403 | D        | Noticed a guardian mummy
   407 | D        | Killed a flying skull
   411 | D        | Killed a guardian mummy
   414 | D        | Killed an anubis guard
   414 | D        | Reached skill level 15 in Fighting
   428 | D        | Entered arena 8.
   428 | D        | Noticed a naga
   428 | D        | Noticed a black mamba
   428 | D        | Noticed a naga mage
   428 | D        | Noticed a naga
   434 | D        | Killed a black mamba
   435 | D        | Killed a naga
   437 | D        | Killed a naga
   439 | D        | Killed a naga mage
   439 | D        | Reached skill level 15 in Axes
   439 | D        | Reached skill level 16 in Shields
   461 | D        | Entered arena 9.
   461 | D        | Noticed a fire drake
   461 | D        | Noticed a wyvern
   461 | D        | Noticed a steam dragon
   461 | D        | Noticed a mottled dragon
   461 | D        | Noticed a wyvern
   461 | D        | Noticed a steam dragon
   461 | D        | Noticed a wyvern
   461 | D        | Noticed a mottled dragon
   464 | D        | Killed a wyvern
   466 | D        | Killed a wyvern
   467 | D        | Killed a mottled dragon
   468 | D        | Killed a fire drake
   468 | D        | Killed a steam dragon
   468 | D        | Killed a wyvern
   469 | D        | Killed a steam dragon
   470 | D        | Killed a mottled dragon
   478 | D        | Entered arena 10.
   478 | D        | Noticed a deep elf knight
   478 | D        | Noticed a deep elf fighter
   478 | D        | Noticed a deep elf conjurer
   478 | D        | Noticed a deep elf fighter
   478 | D        | Noticed a deep elf summoner
   478 | D        | Noticed a deep elf summoner
   478 | D        | Noticed a deep elf knight
   478 | D        | Noticed a deep elf summoner
   478 | D        | Noticed a deep elf fighter
   485 | D        | Killed a deep elf summoner
   486 | D        | Killed a deep elf knight
   486 | D        | Reached XP level 11. HP: 114/114 MP: 10/10
   486 | D        | Killed a deep elf fighter
   487 | D        | Killed a deep elf fighter
   487 | D        | Killed a deep elf knight
   487 | D        | Reached skill level 17 in Shields
   488 | D        | Killed a deep elf conjurer
   494 | D        | Killed a deep elf summoner
   497 | D        | Killed a deep elf summoner
   502 | D        | Killed a deep elf fighter
   510 | D        | Got the ring of Fotoc {Int+3 Dex+3}
   515 | D        | Entered arena 11.
   515 | D        | Noticed a guardian serpent
   515 | D        | Noticed a naga warrior
   515 | D        | Noticed a guardian serpent
   515 | D        | Noticed a water moccasin
   515 | D        | Noticed a black mamba
   516 | D        | Noticed a naga mage
   516 | D        | Noticed an anaconda
   516 | D        | Noticed a naga
   517 | D        | Noticed a water moccasin
   518 | D        | Killed a water moccasin
   520 | D        | Killed a black mamba
   521 | D        | Killed a naga
   521 | D        | Killed a water moccasin
   522 | D        | Killed a naga mage
   522 | D        | Reached skill level 18 in Axes
   523 | D        | Killed a guardian serpent
   526 | D        | Killed a naga warrior
   527 | D        | Killed an anaconda
   529 | D        | Killed a guardian serpent
   537 | D        | Got the ring of Fragile Peace {MR++ Str-4 SInv}
   539 | D        | Got the ring of Ylujommu {*Corrode rPois rC+ Str+7 Slay+3}
   607 | D        | Entered arena 12.
   607 | D        | Noticed a naga warrior
   607 | D        | Noticed a greater naga
   607 | D        | Noticed a naga warrior
   607 | D        | Noticed a naga mage
   608 | D        | Noticed a black mamba
   608 | D        | Noticed a naga mage
   608 | D        | Noticed a naga mage
   608 | D        | Noticed a guardian serpent
   611 | D        | Killed a black mamba
   615 | D        | Killed a naga mage
   616 | D        | Killed a naga mage
   616 | D        | Reached skill level 19 in Axes
   617 | D        | Killed a naga warrior
   618 | D        | Killed a greater naga
   618 | D        | Reached XP level 12. HP: 125/127 MP: 11/11
   618 | D        | Killed a naga mage
   619 | D        | Killed a guardian serpent
   622 | D        | Killed a naga warrior
   697 | D        | Entered arena 13.
   698 | D        | Noticed a deep elf fighter
   698 | D        | Noticed a deep elf conjurer
   698 | D        | Noticed a deep elf mage
   698 | D        | Noticed a deep elf master archer
   698 | D        | Noticed a deep elf mage
   698 | D        | Noticed a deep elf knight
   699 | D        | Noticed a deep elf mage
   699 | D        | Noticed a deep elf mage
   700 | D        | Noticed a deep elf summoner
   701 | D        | Noticed a deep elf mage
   701 | D        | Noticed a deep elf fighter
   701 | D        | Noticed a deep elf mage
   703 | D        | Killed a deep elf fighter
   707 | D        | Killed a deep elf mage
   707 | D        | Reached skill level 20 in Axes
   709 | D        | Killed a deep elf master archer
   711 | D        | Killed a deep elf mage
   712 | D        | Killed a deep elf knight
   712 | D        | Killed a deep elf fighter
   712 | D        | Killed a deep elf conjurer
   713 | D        | Killed a deep elf mage
   713 | D        | Killed a deep elf mage
   714 | D        | Killed a deep elf summoner
   716 | D        | Killed a deep elf mage
   720 | D        | Killed a deep elf mage
   735 | D        | Entered arena 14.
   736 | D        | Noticed a dire elephant
   736 | D        | Noticed an apis
   736 | D        | Noticed a spriggan air mage
   736 | D        | Noticed a thorn hunter
   736 | D        | Noticed a spriggan defender
   736 | D        | Noticed a wind drake
   737 | D        | Noticed a dryad
   737 | D        | Noticed a yak
   737 | D        | Noticed a shambling mangrove
   737 | D        | Noticed a spriggan rider
   737 | D        | Noticed an anaconda
   737 | D        | Noticed a hornet
   742 | D        | Killed an anaconda
   742 | D        | Reached skill level 21 in Axes
   743 | D        | Killed a spriggan air mage
   747 | D        | Killed a hornet
   749 | D        | Killed a wind drake
   749 | D        | Killed an apis
   750 | D        | Killed a spriggan defender
   751 | D        | Killed a dryad
   751 | D        | Killed a yak
   755 | D        | Killed a thorn hunter
   755 | D        | Reached skill level 22 in Axes
   755 | D        | Reached XP level 13. HP: 137/137 MP: 12/12
   756 | D        | Killed a dire elephant
   759 | D        | Killed a shambling mangrove
   760 | D        | Killed a wasp
   762 | D        | Killed a spriggan
   776 | D        | Entered arena 15.
   782 | D        | Noticed a red devil
   782 | D        | Noticed a reaper
   782 | D        | Noticed a shadow
   783 | D        | Noticed a flying skull
   783 | D        | Noticed a tormentor
   783 | D        | Noticed a rust devil
   783 | D        | Noticed a reaper
   784 | D        | Noticed a wight
   784 | D        | Noticed a rust devil
   787 | D        | Killed a shadow
   788 | D        | Killed a reaper
   790 | D        | Killed a flying skull
   792 | D        | Killed a wight
   793 | D        | Killed a rust devil
   796 | D        | Killed a rust devil
   797 | D        | Killed a tormentor
   803 | D        | Killed a reaper
   803 | D        | Reached skill level 23 in Axes
   808 | D        | Killed a red devil
   817 | D        | Entered arena 16.
   820 | D        | Noticed a death drake
   820 | D        | Noticed a shining eye
   820 | D        | Noticed a shock serpent
   820 | D        | Noticed a snapping turtle
   820 | D        | Noticed a neqoxec
   820 | D        | Noticed an anaconda
   820 | D        | Noticed a ghost crab
   821 | D        | Noticed a green ugly thing
   821 | D        | Noticed a purple ugly thing
   821 | D        | Noticed a green ugly thing
   821 | D        | Noticed a white very ugly thing
   821 | D        | Noticed a mana viper
   821 | D        | Noticed a green very ugly thing
   821 | D        | a snapping turtle changed into a shock serpent
   822 | D        | Noticed a spiny frog
   822 | D        | an anaconda changed into a satyr
   823 | D        | a death drake changed into a merfolk
   823 | D        | a shock serpent changed into an anaconda
   826 | D        | Killed a shining eye
   827 | D        | Killed a ghost crab
   828 | D        | a mana viper changed into a fire crab
   829 | D        | Killed a green ugly thing
   831 | D        | Killed a red very ugly thing
   834 | D        | Killed a spiny frog
   835 | D        | Killed a white very ugly thing
   837 | D        | Killed a green ugly thing
   837 | D        | Reached skill level 24 in Axes
   839 | D        | Killed a neqoxec
   842 | D        | Killed a green ugly thing
   853 | D        | Entered arena 17.
   853 | D        | Noticed a vampire
   854 | D        | Noticed a vampire
   858 | D        | Killed a vampire
   859 | D        | Noticed an ancient lich
   859 | D        | Noticed an ancient lich
   859 | D        | Noticed a necromancer
   859 | D        | Noticed a necromancer
   860 | D        | Noticed a vampire mage
   860 | D        | Noticed a shadow
   860 | D        | Noticed a necromancer
   860 | D        | Noticed a necromancer
   860 | D        | Noticed a wight
   861 | D        | Noticed a vampire
   861 | D        | Killed a vampire
   864 | D        | Killed a necromancer
   870 | D        | Killed a necromancer
   871 | D        | Killed an ancient lich
   871 | D        | Reached skill level 25 in Axes
   871 | D        | Reached XP level 14. HP: 147/151 MP: 13/13
   871 | D        | Killed a vampire mage
   872 | D        | Killed a wight
   873 | D        | Killed a necromancer
   873 | D        | Killed a necromancer
   876 | D        | Killed a shadow
   880 | D        | Killed an ancient lich
   880 | D        | Reached skill level 26 in Axes
   880 | D        | Reached skill level 15 in Armour
   881 | D        | Killed a vampire
   887 | D        | Got the ring of Uwia {rC+ Int+3 Slay+6}
   894 | D        | Got the ring of Depiag {+Fly rElec rF++ Int+3 SInv}
   977 | D        | Entered arena 18.
   985 | D        | Noticed a hell hound
   986 | D        | Noticed a rust devil
   986 | D        | Noticed a rust devil
   986 | D        | Noticed an iron imp
   986 | D        | Noticed a rust devil
   986 | D        | Noticed a rust devil
   986 | D        | Noticed a shadow
   986 | D        | Noticed a wraith
   986 | D        | Noticed a skeletal warrior
   986 | D        | Noticed a red devil
   989 | D        | Noticed a wight
   989 | D        | Killed a hell hound
   990 | D        | Noticed a rust devil
   992 | D        | Killed a rust devil
   992 | D        | Killed an iron imp
   993 | D        | Killed a rust devil
   994 | D        | Killed a rust devil
   995 | D        | Killed a rust devil
   997 | D        | Killed a shadow
   998 | D        | Killed a wight
  1000 | D        | Killed a rust devil
  1001 | D        | Killed a wraith
  1004 | D        | Killed a skeletal warrior
  1007 | D        | Killed a red devil
  1014 | D        | Got the ring of the Amoeba {MP+9 SInv Stlth+}
  1023 | D        | Got the amulet "Kode" {Clar rC+ Str+5}
  1035 | D        | Entered arena 19.
  1040 | D        | Noticed a shadow dragon
  1040 | D        | Noticed a soul eater
  1040 | D        | Noticed a ghoul
  1040 | D        | Noticed a soul eater
  1040 | D        | Noticed a soul eater
  1040 | D        | Noticed a shadow dragon
  1040 | D        | Noticed a ghoul
  1040 | D        | Noticed a soul eater
  1041 | D        | Noticed a soul eater
  1041 | D        | Noticed a soul eater
  1044 | D        | Killed a soul eater
  1051 | D        | Killed a soul eater
  1052 | D        | Killed a ghoul
  1054 | D        | Killed a ghoul
  1054 | D        | Reached skill level 27 in Axes
  1054 | D        | Reached skill level 5 in Dodging
  1055 | D        | Killed a soul eater
  1055 | D        | Killed a soul eater
  1056 | D        | Killed a soul eater
  1057 | D        | Killed a shadow dragon
  1059 | D        | Killed a shadow dragon
  1059 | D        | Killed a soul eater
  1065 | D        | Got the ring "Angutymm" {*Contam rF+ Str+6 Int+5}
  1069 | D        | Got the ring of Wash {*Confuse rElec rC+ Int+3 Dex-3}
  1071 | D        | Got the amulet "Zappanisu" {Stasis Dex+3 Stlth+}
  1084 | D        | Entered arena 20.
  1084 | D        | Noticed a vampire knight
  1084 | D        | Noticed a vampire mage
  1088 | D        | Killed a vampire mage
  1090 | D        | Noticed a vampire
  1090 | D        | Killed a vampire knight
  1092 | D        | Noticed a vampire knight
  1092 | D        | Noticed a skeletal warrior
  1093 | D        | Noticed a wight
  1093 | D        | Noticed a ghoul
  1093 | D        | Noticed a lich
  1093 | D        | Noticed a wight
  1093 | D        | Noticed a necrophage
  1093 | D        | Noticed a wight
  1094 | D        | Noticed a necromancer
  1094 | D        | Noticed a necromancer
  1094 | D        | Noticed an ancient lich
  1094 | D        | Noticed a necromancer
  1095 | D        | Noticed a necromancer
  1095 | D        | Killed a vampire
  1096 | D        | Noticed a necromancer
  1096 | D        | Noticed a skeletal warrior
  1098 | D        | Killed a necrophage
  1100 | D        | Killed a skeletal warrior
  1100 | D        | Killed a necromancer
  1101 | D        | Killed a ghoul
  1101 | D        | Killed a wight
  1101 | D        | Killed a necromancer
  1101 | D        | Killed a wight
  1103 | D        | Killed a wight
  1104 | D        | Killed an ancient lich
  1104 | D        | Reached XP level 15. HP: 165/168 MP: 14/14
  1106 | D        | Killed a necromancer
  1108 | D        | Killed a lich
  1108 | D        | Killed a skeletal warrior
  1110 | D        | Killed a necromancer
  1110 | D        | Killed a necromancer
  1113 | D        | Killed a vampire knight
  1131 | D        | Got the ring "Wukkoss" {rF++ rC+ Int+6}
  1144 | D        | Entered arena 21.
  1148 | D        | Noticed a griffon
  1148 | D        | Noticed a merfolk javelineer
  1148 | D        | Noticed a merfolk aquamancer
  1148 | D        | Noticed a water elemental
  1148 | D        | Noticed a centaur
  1148 | D        | Noticed a sea snake
  1148 | D        | Noticed a snapping turtle
  1148 | D        | Noticed a merfolk aquamancer
  1148 | D        | Noticed a water nymph
  1149 | D        | Noticed a manticore
  1149 | D        | Noticed a wind drake
  1149 | D        | Noticed a merfolk javelineer
  1149 | D        | Noticed a merfolk impaler
  1149 | D        | Noticed a merfolk impaler
  1149 | D        | Noticed a merfolk impaler
  1149 | D        | Noticed a harpy
  1149 | D        | Noticed a merfolk impaler
  1149 | D        | Noticed a merfolk aquamancer
  1149 | D        | Noticed a merfolk javelineer
  1150 | D        | Noticed a siren
  1150 | D        | Noticed a water nymph
  1150 | D        | Noticed a cyclops
  1150 | D        | Noticed a sea snake
  1150 | D        | Noticed a merfolk impaler
  1150 | D        | Noticed a snapping turtle
  1150 | D        | Noticed a merfolk impaler
  1150 | D        | Noticed a cyclops
  1150 | D        | Noticed a sea snake
  1150 | D        | Noticed a merfolk impaler
  1153 | D        | Killed a sea snake
  1155 | D        | Killed a griffon
  1156 | D        | Killed a merfolk aquamancer
  1157 | D        | Killed a sea snake
  1157 | D        | Killed a manticore
  1158 | D        | Killed a water nymph
  1158 | D        | Killed a harpy
  1160 | D        | Killed a sea snake
  1162 | D        | Killed a merfolk aquamancer
  1165 | D        | Killed a merfolk aquamancer
  1166 | D        | Killed a water elemental
  1170 | D        | Killed a merfolk impaler
  1170 | D        | Reached skill level 27 in Shields
  1171 | D        | Killed a merfolk javelineer
  1173 | D        | Killed a merfolk impaler
  1176 | D        | Killed a cyclops
  1177 | D        | Killed a merfolk impaler
  1178 | D        | Killed a merfolk javelineer
  1178 | D        | Killed a cyclops
  1182 | D        | Killed a siren
  1184 | D        | Killed a snapping turtle
  1188 | D        | Killed a wind drake
  1190 | D        | Killed a snapping turtle
  1191 | D        | Killed a merfolk impaler
  1193 | D        | Killed a water nymph
  1195 | D        | Killed a merfolk impaler
  1195 | D        | Killed a centaur
  1197 | D        | Killed a merfolk impaler
  1202 | D        | Killed a merfolk impaler
  1212 | D        | Got the ring "Qiowymn" {rElec Str+2 Int+2 Stlth+}
  1217 | D        | Got the ring "Qacew" {+Fly rF+ MR+ Slay+2}
  1316 | D        | Got the ring of the Cicada {SustAt rElec}
  1329 | D        | Entered arena 22.
  1342 | D        | Noticed a deep elf mage
  1342 | D        | Noticed a deep elf fighter
  1342 | D        | Noticed a deep elf high priest
  1342 | D        | Noticed a deep elf mage
  1342 | D        | Noticed a deep elf sorcerer
  1342 | D        | Noticed a deep elf knight
  1342 | D        | Noticed a deep elf sorcerer
  1343 | D        | Noticed a deep elf annihilator
  1343 | D        | Noticed a deep elf blademaster
  1343 | D        | Noticed a deep elf blademaster
  1343 | D        | Noticed a deep elf master archer
  1343 | D        | Noticed a deep elf blademaster
  1343 | D        | Noticed a deep elf sorcerer
  1343 | D        | Noticed a deep elf blademaster
  1343 | D        | Noticed a deep elf annihilator
  1343 | D        | Noticed a deep elf sorcerer
  1343 | D        | Noticed a deep elf fighter
  1344 | D        | Noticed a deep elf blademaster
  1344 | D        | Noticed a deep elf blademaster
  1344 | D        | Noticed a deep elf priest
  1344 | D        | Noticed a deep elf sorcerer
  1344 | D        | Noticed a deep elf high priest
  1344 | D        | Noticed a deep elf mage
  1345 | D        | Noticed a deep elf mage
  1345 | D        | Noticed a deep elf high priest
  1345 | D        | Noticed a deep elf conjurer
  1345 | D        | Noticed an orb spider
  1345 | D        | Noticed a deep elf sorcerer
  1345 | D        | Noticed a deep elf master archer
  1345 | D        | Noticed a deep elf annihilator
  1345 | D        | Noticed a deep elf sorcerer
  1346 | D        | an orb spider changed into a black bear
  1349 | D        | Noticed a deep elf mage
  1349 | D        | Killed a deep elf blademaster
  1349 | D        | Reached skill level 27 in Fighting
  1350 | D        | Noticed a deep elf high priest
  1350 | D        | Killed a deep elf blademaster
  1350 | D        | Killed a deep elf blademaster
  1354 | D        | Killed a deep elf blademaster
  1354 | D        | Reached skill level 10 in Dodging
  1355 | D        | Killed a deep elf blademaster
  1355 | D        | Killed a deep elf knight
  1355 | D        | Killed a deep elf annihilator
  1355 | D        | Killed a deep elf sorcerer
  1355 | D        | Killed a deep elf mage
  1357 | D        | Killed a deep elf fighter
  1357 | D        | Killed a deep elf blademaster
  1358 | D        | Killed a deep elf sorcerer
  1358 | D        | Reached XP level 16. HP: 183/183 MP: 15/15
  1359 | D        | Killed a deep elf sorcerer
  1359 | D        | Killed a deep elf conjurer
  1361 | D        | Killed a deep elf master archer
  1361 | D        | Killed a deep elf mage
  1362 | D        | Killed a deep elf mage
  1362 | D        | Killed a deep elf sorcerer
  1362 | D        | Killed a deep elf high priest
  1363 | D        | Gained mutation: You heal slowly when monsters are visible. [a neqoxec]
  1364 | D        | Killed a deep elf annihilator
  1365 | D        | Killed a deep elf sorcerer
  1365 | D        | Killed a deep elf fighter
  1365 | D        | Killed a deep elf sorcerer
  1367 | D        | Killed a deep elf master archer
  1368 | D        | Killed a deep elf mage
  1368 | D        | Killed a deep elf mage
  1369 | D        | Killed a deep elf high priest
  1371 | D        | Killed a deep elf high priest
  1371 | D        | Reached skill level 15 in Dodging
  1382 | D        | Killed a deep elf high priest
  1387 | D        | Killed a deep elf annihilator
  1389 | D        | Killed a deep elf sorcerer
  1394 | D        | Killed a deep elf priest
  1402 | D        | Got the +0 cloak of Inference {Dex+7}
  1436 | D        | Entered arena 23.
  1443 | D        | Noticed an orc warrior
  1443 | D        | Noticed an orc knight
  1443 | D        | Noticed an orc high priest
  1443 | D        | Noticed a troll
  1443 | D        | Noticed a troll
  1443 | D        | Noticed an orc knight
  1443 | D        | Noticed an orc high priest
  1443 | D        | Noticed a stone giant
  1443 | D        | Noticed an orc warlord
  1444 | D        | Noticed an orc warrior
  1444 | D        | Noticed an orc warrior
  1444 | D        | Noticed an orc warlord
  1444 | D        | Noticed a stone giant
  1444 | D        | Noticed an ogre
  1444 | D        | Noticed a stone giant
  1444 | D        | Noticed a warg
  1444 | D        | Noticed an orc high priest
  1444 | D        | Noticed an orc high priest
  1445 | D        | Noticed a stone giant
  1445 | D        | Noticed an orc high priest
  1445 | D        | Noticed an orc warrior
  1445 | D        | Noticed an orc knight
  1449 | D        | Killed a troll
  1450 | D        | Killed an orc knight
  1452 | D        | Killed an orc knight
  1453 | D        | Killed an orc warrior
  1453 | D        | Killed a warg
  1454 | D        | Killed an orc high priest
  1455 | D        | Killed a stone giant
  1456 | D        | Killed an orc high priest
  1457 | D        | Killed an orc high priest
  1457 | D        | Killed an orc warrior
  1459 | D        | Killed an orc warlord
  1459 | D        | Killed a stone giant
  1460 | D        | Killed a troll
  1460 | D        | Killed a stone giant
  1460 | D        | Killed an orc warrior
  1461 | D        | Killed an orc warlord
  1463 | D        | Killed an ogre
  1464 | D        | Killed an orc knight
  1466 | D        | Killed a stone giant
  1467 | D        | Killed an orc warrior
  1470 | D        | Killed an orc high priest
  1472 | D        | Killed an orc high priest
  1495 | D        | Entered arena 24.
  1501 | D        | Noticed a shard shrike
  1501 | D        | Noticed a freezing wraith
  1502 | D        | Noticed a flying skull
  1502 | D        | Noticed a freezing wraith
  1502 | D        | Noticed an ice devil
  1502 | D        | Noticed an Ice Fiend
  1502 | D        | Noticed a freezing wraith
  1502 | D        | Noticed a freezing wraith
  1503 | D        | Noticed a tormentor
  1503 | D        | Noticed a flying skull
  1503 | D        | Noticed a shard shrike
  1504 | D        | Noticed an ice devil
  1504 | D        | Killed a merfolk javelineer
  1506 | D        | Noticed a wraith
  1506 | D        | Noticed an Ice Fiend
  1506 | D        | Noticed a freezing wraith
  1506 | D        | Noticed a skeletal warrior
  1506 | D        | Noticed a skeletal warrior
  1506 | D        | Noticed a skeletal warrior
  1507 | D        | Noticed a reaper
  1507 | D        | Noticed a tormentor
  1507 | D        | Killed a flying skull
  1508 | D        | Killed a shard shrike
  1509 | D        | Noticed a tormentor
  1510 | D        | Noticed a blue devil
  1510 | D        | Killed a shard shrike
  1510 | D        | Killed a tormentor
  1511 | D        | Killed a freezing wraith
  1511 | D        | Killed a freezing wraith
  1512 | D        | Noticed a blue devil
  1512 | D        | Killed a flying skull
  1514 | D        | Killed an ice devil
  1515 | D        | Killed a freezing wraith
  1516 | D        | Killed an ice devil
  1517 | D        | Killed a freezing wraith
  1519 | D        | Killed a skeletal warrior
  1519 | D        | Reached skill level 27 in Armour
  1519 | D        | Reached skill level 1 in Stealth
  1519 | D        | Killed a skeletal warrior
  1521 | D        | Killed a blue devil
  1522 | D        | Killed an Ice Fiend
  1522 | D        | Reached skill level 10 in Invocations
  1523 | D        | Killed a wraith
  1524 | D        | Killed a tormentor
  1524 | D        | Killed a tormentor
  1526 | D        | Killed a blue devil
  1527 | D        | Killed a freezing wraith
  1530 | D        | Killed a skeletal warrior
  1531 | D        | Killed an Ice Fiend
  1532 | D        | Killed a reaper
  1713 | D        | Got the ring of Ipeextux {Fire rPois rN+}
  1764 | D        | Got the ring of Ruyno {Str+3 Slay+2}
  1854 | D        | Entered arena 25.
  1872 | D        | Noticed a mottled draconian
  1872 | D        | Noticed a black draconian
  1872 | D        | Noticed an Orb Guardian
  1872 | D        | Noticed an Orb Guardian
  1872 | D        | Noticed a death cob
  1872 | D        | Noticed a purple draconian
  1872 | D        | Noticed a black draconian shifter
  1872 | D        | Noticed a purple draconian
  1872 | D        | Noticed a moth of wrath
  1872 | D        | Noticed a red draconian
  1872 | D        | Noticed a shadow dragon
  1872 | D        | Noticed a green draconian
  1872 | D        | Noticed a green draconian
  1872 | D        | Noticed a purple draconian
  1872 | D        | Noticed a moth of wrath
  1873 | D        | Noticed an Orb Guardian
  1873 | D        | Noticed a moth of wrath
  1873 | D        | Noticed a fire dragon
  1873 | D        | Noticed a death cob
  1874 | D        | Noticed a moth of wrath
  1874 | D        | Noticed a white draconian
  1874 | D        | Noticed a mottled draconian
  1874 | D        | Noticed a shadow dragon
  1874 | D        | Noticed an orb of fire
  1874 | D        | Noticed a yellow draconian
  1874 | D        | Noticed a tentacled monstrosity
  1874 | D        | Noticed a purple draconian
  1874 | D        | Noticed an Orb Guardian
  1874 | D        | Noticed an Orb Guardian
  1875 | D        | Noticed a black draconian
  1875 | D        | Noticed a tentacled monstrosity
  1875 | D        | Noticed a death cob
  1875 | D        | Noticed a storm dragon
  1875 | D        | Noticed a mottled draconian
  1876 | D        | Noticed an Orb Guardian
  1876 | D        | Noticed an Orb Guardian
  1877 | D        | Noticed a tentacled monstrosity
  1877 | D        | Noticed a red draconian
  1877 | D        | Noticed an Orb Guardian
  1877 | D        | Noticed an Orb Guardian
  1877 | D        | Killed a death cob
  1877 | D        | Killed a death cob
  1878 | D        | Noticed a red draconian
  1878 | D        | Noticed a red draconian
  1878 | D        | Noticed a mottled draconian
  1878 | D        | Noticed an Orb Guardian
  1879 | D        | Noticed a green draconian
  1880 | D        | Noticed a black draconian
  1880 | D        | Noticed an Orb Guardian
  1881 | D        | Noticed a storm dragon
  1881 | D        | Noticed a mottled draconian
  1881 | D        | Noticed an Orb Guardian
  1881 | D        | Killed an Orb Guardian
  1881 | D        | Reached XP level 17. HP: 189/191 MP: 25/25
  1884 | D        | Killed an Orb Guardian
  1885 | D        | Noticed a red draconian
  1885 | D        | Killed a purple draconian
  1885 | D        | Killed an Orb Guardian
  1885 | D        | Reached skill level 5 in Stealth
  1886 | D        | Killed a red draconian
  1887 | D        | Killed a death cob
  1888 | D        | Killed a moth of wrath
  1890 | D        | Killed a storm dragon
  1893 | D        | Killed a shadow dragon
  1894 | D        | Gained mutation: You are frail (-10% HP). [an orb of fire]
  1895 | D        | Killed an Orb Guardian
  1895 | D        | Reached skill level 15 in Invocations
  1895 | D        | Killed a black draconian
  1895 | D        | Killed a tentacled monstrosity
  1896 | D        | Killed a black draconian shifter
  1896 | D        | Killed an Orb Guardian
  1899 | D        | Killed a purple draconian
  1900 | D        | Killed a white draconian
  1901 | D        | Killed an Orb Guardian
  1902 | D        | Killed a mottled draconian
  1902 | D        | Killed a moth of wrath
  1903 | D        | Killed an Orb Guardian
  1904 | D        | Killed a black draconian
  1904 | D        | Killed an Orb Guardian
  1904 | D        | Killed an Orb Guardian
  1905 | D        | Killed a black draconian
  1905 | D        | Killed an Orb Guardian
  1905 | D        | Killed a red draconian
  1906 | D        | Killed a tentacled monstrosity
  1906 | D        | Reached skill level 10 in Stealth
  1909 | D        | Killed an Orb Guardian
  1909 | D        | Gained mutation: Your magical capacity is low (-10% MP). [an orb of fire]
  1910 | D        | Killed an Orb Guardian
  1910 | D        | Gained mutation: You have a pair of large horns on your head. [an orb of fire]
  1911 | D        | Killed an orb of fire
  1912 | D        | Killed a green draconian
  1913 | D        | Killed a tentacled monstrosity
  1913 | D        | Killed a mottled draconian
  1914 | D        | Killed a storm dragon
  1914 | D        | Killed a red draconian
  1915 | D        | Killed a mottled draconian
  1916 | D        | Killed a mottled draconian
  1916 | D        | Killed a moth of wrath
  1917 | D        | Killed a mottled draconian
  1917 | D        | Killed a moth of wrath
  1918 | D        | Killed a shadow dragon
  1920 | D        | Killed a green draconian
  1920 | D        | Killed a red draconian
  1921 | D        | Killed a purple draconian
  1922 | D        | Killed a purple draconian
  1922 | D        | Reached XP level 18. HP: 180/180 MP: 27/27
  1923 | D        | Killed a yellow draconian
  1923 | D        | Reached skill level 27 in Dodging
  1925 | D        | Killed a green draconian
  1925 | D        | Killed a red draconian
  1925 | D        | Killed a fire dragon
  1980 | D        | Entered arena 26.
  1991 | D        | Noticed a flying skull
  1992 | D        | Noticed a lich
  1993 | D        | Noticed a skeletal warrior
  1993 | D        | Noticed a vampire
  1993 | D        | Noticed an ice dragon
  1993 | D        | Killed a flying skull
  1994 | D        | Noticed an Ice Fiend
  1994 | D        | Noticed a blue devil
  1994 | D        | Noticed a blizzard demon
  1994 | D        | Noticed an ice dragon
  1995 | D        | Noticed a freezing wraith
  1995 | D        | Noticed a skeletal warrior
  1995 | D        | Noticed a skeletal warrior
  1995 | D        | Noticed a skeletal warrior
  1995 | D        | Noticed a wraith
  1995 | D        | Noticed a reaper
  1996 | D        | Noticed a freezing wraith
  1996 | D        | Killed a lich
  1998 | D        | Noticed an ice beast
  1999 | D        | Killed a vampire
  2000 | D        | Noticed a wraith
  2000 | D        | Killed a skeletal warrior
  2000 | D        | Killed an ice dragon
  2001 | D        | Noticed a flying skull
  2002 | D        | Noticed a tormentor
  2002 | D        | Killed an ice dragon
  2003 | D        | Killed a skeletal warrior
  2004 | D        | Noticed a flying skull
  2004 | D        | Noticed a phantasmal warrior
  2004 | D        | Noticed a wight
  2004 | D        | Killed an ice beast
  2005 | D        | Noticed a freezing wraith
  2005 | D        | Killed a blue devil
  2006 | D        | Noticed a blue devil
  2006 | D        | Noticed a freezing wraith
  2006 | D        | Killed a flying skull
  2007 | D        | Killed a freezing wraith
  2007 | D        | Killed a blizzard demon
  2008 | D        | Noticed an ice devil
  2008 | D        | Noticed an Ice Fiend
  2009 | D        | Killed a wraith
  2009 | D        | Killed an Ice Fiend
  2009 | D        | Reached skill level 15 in Stealth
  2010 | D        | Noticed a freezing wraith
  2010 | D        | Killed a skeletal warrior
  2011 | D        | Noticed a freezing wraith
  2011 | D        | Killed a freezing wraith
  2011 | D        | Killed a wraith
  2012 | D        | Killed a flying skull
  2015 | D        | Killed a tormentor
  2015 | D        | Killed a skeletal warrior
  2015 | D        | Killed a blue devil
  2018 | D        | Killed a freezing wraith
  2018 | D        | Killed a reaper
  2020 | D        | Killed a freezing wraith
  2020 | D        | Killed an ice devil
  2020 | D        | Killed a freezing wraith
  2021 | D        | Killed a freezing wraith
  2023 | D        | Killed a phantasmal warrior
  2024 | D        | Killed a wight
  2025 | D        | Killed an Ice Fiend
  2029 | D        | Noticed a shard shrike
  2032 | D        | Killed a shard shrike
  2119 | D        | Got the ring of Activism {Wiz Str+6 Stlth-}
  2302 | D        | Entered arena 27.
  2321 | D        | Noticed an unseen horror
  2321 | D        | Noticed a wretched star
  2321 | D        | Noticed a brain worm
  2321 | D        | Noticed a large abomination
  2321 | D        | Noticed a chaos spawn
  2321 | D        | Noticed a swamp dragon
  2321 | D        | Noticed a small abomination
  2321 | D        | Noticed a small abomination
  2321 | D        | Noticed a wretched star
  2321 | D        | Noticed a large abomination
  2321 | D        | Noticed a thrashing horror
  2322 | D        | Noticed a large abomination
  2322 | D        | Noticed a raiju
  2322 | D        | Noticed a guardian serpent
  2322 | D        | Noticed a wretched star
  2322 | D        | Noticed a large abomination
  2322 | D        | Noticed an orange demon
  2323 | D        | Noticed a small abomination
  2323 | D        | Noticed a large abomination
  2323 | D        | Noticed a large abomination
  2323 | D        | Killed a thrashing horror
  2324 | D        | Noticed a brown very ugly thing
  2324 | D        | Noticed a large abomination
  2324 | D        | Noticed a blink frog
  2324 | D        | Noticed a large abomination
  2324 | D        | Noticed a chaos spawn
  2324 | D        | Noticed a small abomination
  2324 | D        | Noticed a chaos spawn
  2326 | D        | Noticed a rakshasa
  2326 | D        | Noticed a starcursed mass
  2326 | D        | Killed a small abomination
  2326 | D        | Killed a large abomination
  2327 | D        | Noticed an eye of draining
  2327 | D        | Noticed a blink frog
  2327 | D        | Killed a rakshasa
  2328 | D        | Killed a swamp dragon
  2328 | D        | Killed a large abomination
  2328 | D        | Killed a rakshasa
  2329 | D        | Noticed a wretched star
  2329 | D        | Killed a brain worm
  2329 | D        | Killed an unseen horror
  2329 | D        | Killed a small abomination
  2329 | D        | Killed an orange demon
  2331 | D        | Killed a large abomination
  2331 | D        | Killed a large abomination
  2332 | D        | Killed a wretched star
  2332 | D        | Killed a wretched star
  2334 | D        | Noticed a quasit
  2334 | D        | Killed a chaos spawn
  2335 | D        | Killed a small abomination
  2335 | D        | Killed a wretched star
  2336 | D        | Killed a raiju
  2337 | D        | Noticed a small abomination
  2338 | D        | Noticed a ynoxinul
  2338 | D        | Noticed a small abomination
  2338 | D        | Killed a small abomination
  2338 | D        | Killed a starcursed mass
  2338 | D        | Killed a large abomination
  2339 | D        | Killed a chaos spawn
  2340 | D        | Noticed a neqoxec
  2340 | D        | Noticed a starcursed mass
  2340 | D        | Noticed a demonic crawler
  2340 | D        | Noticed a rust devil
  2341 | D        | Killed a large abomination
  2341 | D        | Killed a large abomination
  2342 | D        | Noticed a tentacled starspawn
  2342 | D        | Noticed a large abomination
  2342 | D        | Killed a guardian serpent
  2343 | D        | Noticed a starcursed mass
  2343 | D        | Noticed an orange demon
  2343 | D        | Killed a large abomination
  2344 | D        | Noticed a worldbinder
  2344 | D        | Noticed a wretched star
  2344 | D        | Killed a quasit
  2345 | D        | Noticed a great orb of eyes
  2345 | D        | Killed a small abomination
  2346 | D        | Noticed a large abomination
  2346 | D        | Noticed a small abomination
  2346 | D        | Noticed a smoke demon
  2346 | D        | Noticed a neqoxec
  2346 | D        | Killed a red very ugly thing
  2347 | D        | Noticed a hellion
  2347 | D        | Killed a small abomination
  2347 | D        | Killed an eye of draining
  2348 | D        | Noticed an orange demon
  2349 | D        | Noticed a large abomination
  2349 | D        | Killed a chaos spawn
  2350 | D        | Killed a blink frog
  2352 | D        | Killed a demonic crawler
  2352 | D        | Killed a wretched star
  2354 | D        | Noticed a lorocyproca
  2354 | D        | Killed a blink frog
  2355 | D        | Killed a rust devil
  2358 | D        | Killed a starcursed mass
  2360 | D        | Killed a neqoxec
  2361 | D        | Paralysed by accursed screaming for 2 turns
  2362 | D        | Killed a starcursed mass
  2363 | D        | Killed a large abomination
  2363 | D        | Killed a worldbinder
  2364 | D        | Killed a starcursed mass
  2365 | D        | Killed a starcursed mass
  2366 | D        | Killed an orange demon
  2367 | D        | Killed a starcursed mass
  2369 | D        | Killed a starcursed mass
  2369 | D        | Killed a starcursed mass
  2370 | D        | Killed a tentacled starspawn
  2371 | D        | Killed a starcursed mass
  2371 | D        | Killed a starcursed mass
  2372 | D        | Killed a starcursed mass
  2373 | D        | Killed a small abomination
  2375 | D        | Noticed a small abomination
  2375 | D        | Killed a great orb of eyes
  2375 | D        | Killed an orange demon
  2378 | D        | Killed a hellion
  2378 | D        | Killed a ynoxinul
  2379 | D        | Noticed a small abomination
  2380 | D        | Killed a smoke demon
  2380 | D        | Killed a starcursed mass
  2380 | D        | Killed a starcursed mass
  2381 | D        | Killed a lorocyproca
  2382 | D        | Killed a neqoxec
  2383 | D        | Killed a starcursed mass
  2383 | D        | Killed a large abomination
  2384 | D        | Killed a wretched star
  2386 | D        | Killed a large abomination
  2386 | D        | Killed a small abomination
  2388 | D        | Killed a starcursed mass
  2389 | D        | Killed a starcursed mass
  2394 | D        | Killed a small abomination
  2398 | D        | Got the ring of Levity {rPois rN+ MP-9 Str+2 Slay+4}
  2399 | D        | Noticed a golden eye
  2402 | D        | Killed a golden eye
  2430 | D        | Got the Orb of Zot
  2494 | D        | Escaped with the Orb!

Vault maps used:
D:        sprint_v

Action                   |  1- 3 |  4- 6 |  7- 9 | 10-12 | 13-15 | 16-18 || total
-------------------------+-------+-------+-------+-------+-------+-------++-------
Melee: Broad axe         |     5 |     5 |    29 |   105 |   185 |   229 ||   558
Invok: Greater Servant o |       |       |       |       |       |     9 ||     9
  Use: Potion            |     1 |       |       |       |       |     3 ||     4
       Scroll            |       |       |       |     1 |     2 |     3 ||     6
 Stab: Distracted        |       |       |       |       |       |    11 ||    11
  Eat: Meat ration       |       |       |       |       |     1 |     1 ||     2
       Chunk             |       |       |       |       |     1 |       ||     1
